 Dungeon Crawl Stone Soup version 0.17.1-1-g73c8601 (webtiles) character file.

39806 tcjsavannah the Destroyer (level 13, -4/100 HPs)
             Began as a Green Draconian Air Elementalist on Apr 15, 2016.
             Was a High Priest of Vehumet.
             Slain by a sun demon (11 damage)
             ... on level 8 of the Lair of Beasts on May 3, 2016.
             The game lasted 01:53:17 (16664 turns).

tcjsavannah the Destroyer (DrAE)                   Turns: 16664, Time: 01:53:17

Health: -4/100     AC:  8    Str: 12    XL:     13   Next: 71%
Magic:  1/39       EV: 12    Int: 20    God:    Vehumet [*****.]
Gold:   1136       SH:  0    Dex:  9    Spells: 8 memorised, 4 levels left

rFire  . . .     SeeInvis .     a - staff of conjuration
rCold  . . .     Clarity  +     (armour unavailable)
rNeg   . . .     SustAt   .     (no shield)
rPois  +         Gourm    .     (helmet restricted)
rElec  .         Spirit   .     (no cloak)
rCorr  .         Warding  .     (no gloves)
rMut   .         Stasis   .     (no boots)
MR     .....                    (no amulet)
Stlth  ++........               G - ring of magical power
                                c - ring of wizardry

@: about to teleport, repel missiles, not resistant to hostile enchantments,
unstealthy
A: breathe noxious fumes, unfitting armour, stinger 1, clarity, clumsy 1, poison
resistance, regeneration 1, cold-blooded, AC +8
a: Breathe Noxious Fumes, Renounce Religion


You were on level 8 of the Lair of Beasts.
You worshipped Vehumet.
Vehumet was extremely pleased with you.
You were not hungry.

You visited 3 branches of the dungeon, and saw 18 of its levels.
You also visited: Sewer.

You collected 1136 gold pieces.

Inventory:

Missiles
 h - 26 poisoned needles
 x - 23 tomahawks
 I - 8 javelins (quivered)
Magical Staves
 a - an uncursed staff of conjuration (weapon)
 F - an uncursed staff of death
Jewellery
 c - a ring of wizardry (left hand)
 d - an uncursed ring of ice
 j - an uncursed ring of stealth
 n - an uncursed ring of see invisible
 G - a ring of magical power (right hand)
Wands
 o - a wand of random effects (19)
 r - a wand of digging (9)
 u - a wand of fireball (0)
 B - a wand of fireball (3)
 C - a wand of digging (12)
 J - a wand of confusion (27)
Scrolls
 g - 3 scrolls of recharging
 l - a scroll of identify
 m - a scroll of amnesia
 v - 4 scrolls of magic mapping
 y - 4 scrolls of remove curse
 z - a scroll of fog
Potions
 i - 9 potions of curing
 k - a potion of might
 p - 2 potions of cure mutation
 s - a potion of resistance
 M - 3 potions of brilliance
Books
 e - a book of Power

   Spells                             Type                      Level
   a - Fulminant Prism                Conjuration/Hexes            4
   b - Iskenderun's Mystic Blast      Conjuration                  4
   c - Venom Bolt                     Conjuration/Poison           5
   d - Bolt of Magma                  Conjuration/Fire/Earth       5
   e - Iron Shot                      Conjuration/Earth            6
   f - Orb of Destruction             Conjuration                  7
   g - Spellforged Servitor           Conjuration/Summoning        7
 A - a book of Air

   Spells                             Type                      Level
   a - Shock                          Conjuration/Air              1
   b - Swiftness                      Charms/Air                   2
   c - Repel Missiles                 Charms/Air                   2
   d - Static Discharge               Conjuration/Air              3
   e - Lightning Bolt                 Conjuration/Air              5
Comestibles
 b - 9 bread rations
 t - 11 meat rations


   Skills:
 - Level 5.1 Fighting
   Level 0.2(2.2) Polearms
 - Level 3.7 Staves
 - Level 1.7 Dodging
 - Level 1.7 Stealth
 + Level 13.0 Spellcasting
 - Level 13.2 Conjurations
 * Level 4.7 Fire Magic
 - Level 10.6 Air Magic
 - Level 4.4 Poison Magic
 - Level 3.2 Evocations


You had 4 spell levels left.
You knew the following spells:

 Your Spells              Type           Power        Failure   Level  Hunger
a - Shock                 Conj/Air       ####         1%          1    None
b - Repel Missiles        Chrm/Air       ####..       1%          2    None
c - Lightning Bolt        Conj/Air       ######....   1%          5    ####...
d - Iskenderun's Mystic   Conj           #######.     1%          4    None
e - Venom Bolt            Conj/Pois      ######....   1%          5    ####...
g - Orb of Destruction    Conj           #######...   2%          7    #######
h - Force Lance           Conj/Tloc      ######..     1%          4    None
i - Bolt of Fire          Conj/Fire      ######....   2%          6    #####..


Dungeon Overview and Level Annotations

Branches:
Dungeon (9/15)             Temple (1/1) D:7            Lair (8/8) D:9
  Swamp (0/4) Lair:6       Spider (0/4) Lair:4        Slime (0/6) Lair:7
    Orc: D:9-12

Altars:
Ashenzari
Cheibriados
Dithmenos
Elyvilon
Fedhas
Gozag
Kikubaaqudgha
Makhleb
Nemelex Xobeh
Okawaru
Qazlal
Ru
Sif Muna
Trog
Vehumet
Xom
Yredelemnul
Zin
The Shining One
Jiyva

Annotations:
Lair:1 exclusion: oklob plant


Innate Abilities, Weirdness & Mutations

You can breathe blasts of noxious fumes.
Your lurid green scales are hard (AC +8).
Your body does not fit into most forms of armour.
Your system is resistant to poisons.
You are cold-blooded and may be slowed by cold attacks.
Your tail ends in a poisonous barb.
You possess an exceptional clarity of mind.
You are clumsy. (Dex -2)
Your natural rate of healing is unusually fast.


Message History

Welcome back, tcjsavannah the Green Draconian Air Elementalist.
Vehumet says: Let it end in hellfire!
Press ? for a list of commands and other information.
Read which item? (? for menu, Esc to quit)
Okay, then.
Evoke which item? (* to show all) (? for menu, Esc to quit)
Okay, then.
Drink which item? (? for menu, Esc to quit)
Okay, then.
Read which item? (? for menu, Esc to quit)
As you read the scroll of teleportation, it crumbles to dust.
You feel strangely unstable. The sun demon hits you!
* * * LOW HITPOINT WARNING * * *
You are engulfed in flames!
* * * LOW HITPOINT WARNING * * *
Drink which item? (? for menu, Esc to quit)
You feel much better. The sun demon hits you!!
* * * LOW HITPOINT WARNING * * *
You are engulfed in flames!
You die...

#...8.8.4# #..838...#
#...8.8..###############
#..8.8...'.............#
♣#........#...8....8....#
♣'#########.............#
.♣♣♣ ######''######
...♣♣♣ ♣....♣ ♣....♣♣♣
♣♣@.♣♣ ♣♣♣♣...♣♣ ♣♣♣3.♣♣
♣♣...♣♣♣♣♣..♣♣♣
♣♣♣...♣..♣♣♣ ♣♣....♣♣♣
♣.....♣ ♣♣♣.♣♣♣ ♣♣♣♣♣ ♣♣♣
♣♣♣♣♣♣♣ ♣♣♣♣...♣
..♣♣♣♣♣♣♣♣♣..♣♣♣♣♣.....♣#


You could see a sun demon.

Vanquished Creatures
  A dire elephant (Lair:8)
  4 hydras
  3 death yaks
  A fire crab (Lair:8)
  A wizard (Lair:8)
  A griffon (Lair:7)
  7 black mambas
  11 elephants
  A sixfirhy (Lair:8)
  11 spiny frogs
  4 fire drakes
  4 komodo dragons
  2 two-headed ogres (D:9)
  3 blue devils (Lair:8)
  A giant leech (Lair:6)
  21 blink frogs
  A deep elf mage (D:7)
  Sigmund (D:3)
  The ghost of dornbeast the Cudgeler, an amateur OgWn (D:3)
  3 basilisks
  2 hungry ghosts
  23 yaks
  12 hippogriffs
  13 wolves
  10 water moccasins
  3 black bears
  3 orc warriors (D:9)
  13 porcupines
  Purgy (Sewer)
  6 ogres
  A wasp (Lair:4)
  A necrophage (D:9)
  5 ice beasts
  3 phantoms
  8 crocodiles
  A big kobold (D:8)
  14 giant frogs
  5 scorpions
  9 wights
  3 crimson imps
  6 orc priests
  8 orc wizards
  2 jellies
  2 giant frog skeletons
  A hound (D:4)
  9 iguanas
  2 giant frog zombies
  A hell rat (Lair:8)
  Jessica (D:3)
  A gnoll shaman (D:9)
  2 worker ants
  32 sheep
  9 gnolls
  8 adders
  39 river rats
  12 white imps (Lair:5)
  2 oozes
  6 worms
  An adder skeleton (D:7)
  An adder zombie (D:8)
  6 giant geckos
  51 orcs
  18 bats
  4 goblins
  6 hobgoblins
  6 jackals
  A quokka (D:3)
  4 ball pythons
  5 giant cockroaches
  3 giant newts
  16 kobolds
  2 quokka skeletons
  A quokka zombie (D:6)
  13 rats
  A fungus (D:9)
  A plant (Lair:6)
501 creatures vanquished.

Vanquished Creatures (others)
  60 fungi
  23 plants
83 creatures vanquished.

Grand Total: 584 creatures vanquished

Notes
Turn   | Place    | Note
--------------------------------------------------------------
     0 | D:1      | tcjsavannah the Draconian Air Elementalist began the quest for the Orb.
     0 | D:1      | Reached XP level 1. HP: 14/14 MP: 3/3
   169 | D:1      | Reached XP level 2. HP: 15/20 MP: 1/5
   244 | D:1      | Learned a level 2 spell: Repel Missiles
  1016 | D:2      | Reached XP level 3. HP: 26/26 MP: 3/6
  1481 | D:2      | You fall through a shaft for 2 floors!
  1540 | D:3      | Noticed dornbeast's ghost (amateur OgWn)
  2140 | D:3      | Noticed Jessica
  2147 | D:2      | Reached XP level 4. HP: 33/33 MP: 4/8
  2267 | D:3      | Killed Jessica
  2764 | D:3      | Noticed Sigmund
  2767 | D:3      | Killed Sigmund
  2767 | D:3      | Reached skill level 5 in Spellcasting
  2767 | D:3      | Reached XP level 5. HP: 36/38 MP: 5/12
  2767 | D:3      | Reached XP level 6. HP: 42/45 MP: 5/13
  2870 | D:3      | Killed dornbeast's ghost
  3012 | D:4      | Learned a level 5 spell: Lightning Bolt
  3258 | D:4      | Reached skill level 1 in Staves
  3258 | D:4      | Your scales start taking on a lurid green colour.
  3258 | D:4      | Gained mutation: Your system is resistant to poisons. [Green Draconian growth]
  3258 | D:4      | Reached XP level 7. HP: 28/50 MP: 14/14
  3759 | D:5      | Entered Level 5 of the Dungeon
  3802 | D:5      | Reached skill level 5 in Conjurations
  4161 | D:5      | Found a glowing drain.
  4177 | Sewer    | Entered a sewer
  4186 | Sewer    | Reached skill level 5 in Air Magic
  4255 | Sewer    | Noticed Purgy
  4267 | Sewer    | Killed Purgy
  4267 | Sewer    | Reached skill level 6 in Conjurations
  4267 | Sewer    | Reached XP level 8. HP: 54/57 MP: 15/15
  4855 | D:6      | Found a blossoming altar of Fedhas.
  5015 | D:6      | Reached skill level 7 in Conjurations
  5289 | D:7      | Found a deep blue altar of Sif Muna.
  5374 | D:7      | You fall through a shaft for 2 floors!
  5376 | D:9      | Found a staircase to the Lair.
  5400 | D:8      | Reached XP level 9. HP: 50/62 MP: 18/18
  5450 | D:8      | Found a shadowy altar of Dithmenos.
  5696 | D:7      | Found a shimmering altar of Xom.
  5702 | D:7      | Found a sparkling altar of Nemelex Xobeh.
  5802 | D:7      | Reached skill level 8 in Conjurations
  5851 | D:7      | Found a staircase to the Ecumenical Temple.
  5857 | Temple   | Entered the Ecumenical Temple
  6311 | D:8      | Found a basalt altar of Yredelemnul.
  7027 | D:9      | Reached XP level 10. HP: 58/69 MP: 11/21
  7150 | D:9      | Reached skill level 9 in Conjurations
  7258 | D:9      | Reached skill level 1 in Evocations
  7278 | D:9      | Noticed a two-headed ogre
  7294 | D:9      | Killed a two-headed ogre
  7665 | D:9      | Noticed a two-headed ogre
  7671 | D:9      | Killed a two-headed ogre
  7679 | D:9      | Found a radiant altar of Vehumet.
  7684 | D:9      | Became a worshipper of Vehumet
  7777 | Lair:1   | Entered Level 1 of the Lair of Beasts
  7883 | Lair:1   | Learned a level 4 spell: Iskenderun's Mystic Blast
  7889 | Lair:1   | Learned a level 5 spell: Venom Bolt
  7918 | Lair:1   | Noticed a black mamba
  7924 | Lair:1   | Killed a black mamba
  8452 | Lair:1   | Reached skill level 10 in Conjurations
  8869 | Lair:1   | Found a basalt altar of Yredelemnul.
  8870 | Lair:1   | Noticed an oklob plant
  9033 | Lair:2   | Noticed a black mamba
  9037 | Lair:2   | Killed a black mamba
  9051 | Lair:2   | Reached XP level 11. HP: 34/74 MP: 12/23
  9077 | Lair:2   | Noticed a black mamba
  9423 | Lair:2   | Noticed a six-headed hydra
  9441 | Lair:2   | Reached * piety under Vehumet
  9441 | Lair:2   | Offered knowledge of Flame Tongue by Vehumet.
  9444 | Lair:2   | Learned a level 1 spell: Flame Tongue
  9508 | Lair:2   | Killed a six-headed hydra
  9508 | Lair:2   | Reached skill level 11 in Conjurations
  9635 | Lair:2   | You fall through a shaft for 2 floors!
 10116 | Lair:4   | Found a hole to the Spider Nest.
 10646 | Lair:4   | Reached ** piety under Vehumet
 10659 | Lair:4   | Learned a level 7 spell: Orb of Destruction
 10702 | Lair:4   | Offered knowledge of Sandblast by Vehumet.
 10927 | Lair:4   | Reached skill level 10 in Spellcasting
 11118 | Lair:5   | Noticed a seven-headed hydra
 11137 | Lair:5   | Reached skill level 12 in Conjurations
 11571 | Lair:5   | Reached XP level 12. HP: 63/81 MP: 15/26
 11738 | Lair:5   | Offered knowledge of Stone Arrow by Vehumet.
 11779 | Lair:5   | Killed a seven-headed hydra
 11781 | Lair:5   | Reached *** piety under Vehumet
 11943 | Lair:5   | Gained mutation: You have a pair of small horns on your head. [potion of mutation]
 11943 | Lair:5   | Gained mutation: You are clumsy. (Dex -2) [potion of mutation]
 11943 | Lair:5   | Gained mutation: You expend magic power (3 MP) to strengthen your wands. [potion of mutation]
 11944 | Lair:5   | Lost mutation: You have a pair of small horns on your head. [potion of cure mutation]
 11944 | Lair:5   | Lost mutation: You expend magic power (3 MP) to strengthen your wands. [potion of cure mutation]
 12438 | Lair:6   | Gained mutation: Your tail ends in a poisonous barb. [potion of mutation]
 12438 | Lair:6   | Gained mutation: You possess an exceptional clarity of mind. [potion of mutation]
 12438 | Lair:6   | Gained mutation: Your natural rate of healing is unusually fast. [potion of mutation]
 12483 | Lair:6   | Offered knowledge of Force Lance by Vehumet.
 12515 | Lair:6   | Learned a level 4 spell: Force Lance
 12638 | Lair:6   | Found a staircase to the Swamp.
 13141 | Lair:7   | Reached skill level 13 in Conjurations
 13771 | Lair:7   | Reached **** piety under Vehumet
 13840 | Lair:7   | Reached skill level 1 in Fighting
 13850 | Lair:7   | Offered knowledge of Dazzling Spray by Vehumet.
 13967 | Lair:7   | Reached skill level 10 in Air Magic
 14188 | Lair:7   | Found a viscous altar of Jiyva.
 14189 | Lair:7   | Found a staircase to the Slime Pits.
 14334 | Lair:8   | Entered Level 8 of the Lair of Beasts
 14656 | Lair:8   | Reached XP level 13. HP: 37/91 MP: 3/29
 15363 | Lair:8   | Noticed a dire elephant
 15386 | Lair:8   | Killed a dire elephant
 15386 | Lair:8   | Reached ***** piety under Vehumet
 15386 | Lair:8   | Offered knowledge of Bolt of Fire by Vehumet.
 15420 | Lair:6   | Learned a level 6 spell: Bolt of Fire
 15616 | Lair:8   | Reached skill level 1 in Fire Magic
 16169 | Lair:8   | Reached skill level 5 in Fighting
 16484 | Lair:8   | Noticed a seven-headed hydra
 16487 | Lair:8   | Killed a seven-headed hydra
 16664 | Lair:8   | Slain by a sun demon

Action                   |  1- 3 |  4- 6 |  7- 9 | 10-12 | 13-15 || total
-------------------------+-------+-------+-------+-------+-------++-------
Melee: Unarmed           |    41 |       |       |       |       ||    41
       Spear             |     2 |     8 |       |       |       ||    10
       Staff             |       |     2 |   142 |   126 |    27 ||   297
       Trident           |       |     1 |       |       |       ||     1
Throw: Javelin           |     7 |       |    13 |    30 |     3 ||    53
       Tomahawk          |       |       |       |     4 |       ||     4
 Cast: Shock             |    84 |    61 |   292 |   365 |    29 ||   831
       Repel Missiles    |     2 |     2 |       |     1 |       ||     5
       Lightning Bolt    |       |       |     7 |    11 |       ||    18
       Iskenderun's Myst |       |       |       |   164 |    53 ||   217
       Venom Bolt        |       |       |       |    77 |    30 ||   107
       Flame Tongue      |       |       |       |    17 |       ||    17
       Orb of Destructio |       |       |       |     2 |    11 ||    13
       Force Lance       |       |       |       |     1 |       ||     1
       Bolt of Fire      |       |       |       |       |    15 ||    15
 Abil: Breathe Noxious F |       |       |    15 |    25 |     9 ||    49
Evoke: Wand              |       |     7 |     7 |    11 |     7 ||    32
  Use: Scroll            |     1 |     3 |    13 |    12 |     4 ||    33
       Potion            |       |       |     1 |    11 |     1 ||    13
 Stab: Confused          |       |       |     1 |       |       ||     1
       Sleeping          |       |       |     1 |     1 |       ||     2
  Eat: Chunk             |     5 |     4 |    13 |    46 |    11 ||    79
       Pizza             |       |       |     1 |     2 |       ||     3
       Fruit             |       |       |     3 |     1 |       ||     4
       Royal jelly       |       |       |       |     1 |       ||     1
       Meat ration       |       |       |       |     1 |     1 ||     2
       Bread ration      |       |       |       |       |     2 ||     2
